General information
- name: BNet
- type: Ladder team game (AT/RT)
- host: Battle.net
- saver: Rape.
map: FullScaleAssault
- players: 8
- length: 25:50
- speed: Fast
- version: 1.26 W3XP
- replay type: Public
» download(198 KB)
Players
team 1 (loser)

»
deuce (
yellow | 166 APM | 4138 actions | 24:51)
4 Death Knight
3 Death Coil
1 Unholy Aura
7 Pandaren Brewmaster
3 Drunken Haze
3 Breath of Fire
1 Storm Earth and Fire
3 Lich
1 Frost Nova
2 Dark Ritual
1 Dreadlord
1 Sleep
» actions
| Assign group hotkey | 271 | |
| Basic commands | 53 | |
| Build / train | 182 | |
| Enter build submenu | 41 | |
| Enter hero's abilities submenu | 15 | |
| Give item / drop item | 1 | |
| Remove unit from queue | 6 | |
| Right click | 1876 | |
| Select / deselect | 931 | |
| Select group hotkey | 600 | |
| Use ability | 159 | |
4138 total
» units
| Wisp | 16 | |
| Crypt Fiend | 16 | |
| Archer | 8 | |
| Ghoul | 3 | |
| Acolyte | 6 | |
| Druid of the Talon | 9 | |
| Chimaera | 7 | |
| Frost Wyrm | 4 | |
| Druid of the Claw | 2 | |
71 total
» upgrades
| Druid of the Talon Training | 2 | |
| Creature Attack | 3 | |
| Improved Bows | 1 | |
| Corrosive Breath | 1 | |
| Web | 1 | |
| Strength of the Wild | 1 | |
| Reinforced Hides | 1 | |
| Druid of the Claw Training | 2 | |
| Freezing Breath | 1 | |
| Creature Carapace | 1 | |
14 total
» buildings
| Moon Well | 7 | |
| Ancient of War | 1 | |
| Altar of Elders | 1 | |
| Tomb of Relics | 1 | |
| Ziggurat | 14 | |
| Halls of the Dead | 3 | |
| Tree of Ages | 3 | |
| Tree of Life | 3 | |
| Necropolis | 1 | |
| Ancient of Wonders | 1 | |
| Tree of Eternity | 2 | |
| Ancient of Wind | 2 | |
| Black Citadel | 3 | |
| Sacrificial Pit | 1 | |
| Chimaera Roost | 2 | |
| Boneyard | 2 | |
| Hunter's Hall | 1 | |
| Ancient of Lore | 1 | |
| Spirit Tower | 3 | |
52 total
» build order
00:24 Moon Well
00:52 Ancient of War
01:04 Moon Well
01:13 Altar of Elders
01:27 Tomb of Relics
02:06 Ziggurat
03:24 Halls of the Dead
03:24 Halls of the Dead
03:38 Tree of Ages
03:38 Tree of Ages
03:50 Tree of Life
04:04 Ziggurat
04:19 Moon Well
04:53 Necropolis
05:12 Ancient of Wonders
06:12 Tree of Eternity
06:13 Tree of Eternity
06:15 Ancient of Wind
06:16 Ancient of Wind
07:03 Black Citadel
07:03 Black Citadel
07:57 Sacrificial Pit
08:57 Chimaera Roost
08:59 Chimaera Roost
09:27 Boneyard
09:27 Boneyard
10:09 Ziggurat
10:10 Ziggurat
10:41 Moon Well
11:27 Ziggurat
11:40 Moon Well
12:05 Moon Well
12:06 Moon Well
12:40 Hunter's Hall
13:10 Ziggurat
13:11 Ziggurat
13:12 Ziggurat
14:34 Ancient of Lore
17:35 Ziggurat
20:13 Ziggurat
20:14 Ziggurat
21:18 Spirit Tower
21:19 Spirit Tower
21:39 Tree of Life
22:16 Tree of Life
22:33 Ziggurat
22:41 Ziggurat
22:43 Ziggurat
» items
| Rod of Necromancy | 5 | |
| Orb of Corruption | 2 | |
| Scroll of Healing | 3 | |
| Scroll of Town Portal | 3 | |
| Lesser Clarity Potion | 1 | |
| Potion of Mana | 1 | |
| Anti-magic Potion | 1 | |
| Orb of Venom | 1 | |
17 total
fuk (
purple | 46 APM | 59 actions | 01:17)
» actions
| Build / train | 7 | |
| Enter build submenu | 4 | |
| Right click | 34 | |
| Select / deselect | 10 | |
| Use ability | 4 | |
59 total
» units
» buildings
| Graveyard | 1 | |
| Crypt | 1 | |
| Altar of Darkness | 1 | |
| Ziggurat | 1 | |
4 total
» build order
00:05 Graveyard
00:07 Crypt
00:44 Altar of Darkness
00:59 Ziggurat
Rape. (
green | 102 APM | 2648 actions | 25:50)
6 Blademaster
3 Wind Walk
3 Critical Strike
» actions
| Assign group hotkey | 126 | |
| Basic commands | 72 | |
| Build / train | 129 | |
| ESC pressed | 10 | |
| Enter build submenu | 56 | |
| Enter hero's abilities submenu | 6 | |
| Give item / drop item | 7 | |
| Right click | 1152 | |
| Select / deselect | 306 | |
| Select group hotkey | 621 | |
| Use ability | 163 | |
2648 total
» units
| Peon | 20 | |
| Grunt | 8 | |
| Goblin Shredder | 3 | |
| Wind Rider | 9 | |
| Goblin Zeppelin | 9 | |
| Raider | 2 | |
51 total
» upgrades
| Armor | 3 | |
| Berserker Strength | 1 | |
| Ranged Weapons | 4 | |
| Envenomed Spears | 1 | |
| Reinforced Defenses | 1 | |
| Backpack | 1 | |
| Spiked Barricades | 2 | |
| Pillage | 1 | |
| Troll Regeneration | 1 | |
| Melee Weapons | 3 | |
| Ensnare | 1 | |
| Berserker Upgrade | 1 | |
| Liquid Fire | 1 | |
| War Drums Damage Increase | 1 | |
22 total
» buildings
| Orc Burrow | 8 | |
| Altar of Storms | 2 | |
| Barracks | 1 | |
| Voodoo Lounge | 2 | |
| War Mill | 1 | |
| Stronghold | 4 | |
| Great Hall | 3 | |
| Watch Tower | 33 | |
| Fortress | 3 | |
| Beastiary | 4 | |
| Ziggurat | 2 | |
63 total
» build order
00:11 Orc Burrow
00:48 Altar of Storms
00:50 Barracks
01:34 Orc Burrow
02:00 Voodoo Lounge
02:34 War Mill
03:22 Orc Burrow
04:49 Stronghold
06:16 Great Hall
07:45 Watch Tower
07:47 Watch Tower
08:31 Fortress
08:31 Fortress
08:32 Fortress
08:57 Beastiary
08:59 Beastiary
09:24 Watch Tower
09:28 Watch Tower
09:39 Watch Tower
09:40 Watch Tower
09:42 Watch Tower
09:44 Watch Tower
09:48 Watch Tower
10:03 Ziggurat
10:05 Ziggurat
12:51 Watch Tower
12:55 Watch Tower
13:23 Orc Burrow
13:25 Orc Burrow
14:39 Orc Burrow
14:48 Watch Tower
15:50 Watch Tower
15:54 Watch Tower
15:58 Watch Tower
16:01 Orc Burrow
16:05 Orc Burrow
16:12 Watch Tower
17:55 Great Hall
17:57 Watch Tower
17:58 Watch Tower
17:59 Watch Tower
18:00 Watch Tower
18:01 Watch Tower
18:03 Watch Tower
18:05 Watch Tower
18:06 Watch Tower
18:08 Watch Tower
18:09 Watch Tower
18:10 Watch Tower
18:12 Watch Tower
18:14 Watch Tower
18:41 Beastiary
18:52 Beastiary
18:54 Watch Tower
20:37 Stronghold
20:37 Stronghold
21:38 Altar of Storms
21:42 Voodoo Lounge
22:44 Great Hall
23:00 Watch Tower
23:05 Watch Tower
23:07 Watch Tower
» items
| Healing Salve | 4 | |
| Boots of Speed | 1 | |
| Lesser Clarity Potion | 3 | |
| Scroll of Town Portal | 2 | |
| Orb of Lightning | 1 | |
11 total

»
hwyasifhe (
pink | 143 APM | 3012 actions | 21:05)
5 Death Knight
3 Death Coil
2 Unholy Aura
4 Dreadlord
2 Sleep
2 Vampiric Aura
» actions
| Assign group hotkey | 25 | |
| Basic commands | 36 | |
| Build / train | 65 | |
| ESC pressed | 1 | |
| Enter build submenu | 23 | |
| Enter hero's abilities submenu | 9 | |
| Give item / drop item | 3 | |
| Remove unit from queue | 1 | |
| Right click | 993 | |
| Select / deselect | 371 | |
| Select group hotkey | 1258 | |
| Use ability | 227 | |
3012 total
» units
| Acolyte | 9 | |
| Ghoul | 3 | |
| Crypt Fiend | 9 | |
| Obsidian Statue | 6 | |
| Frost Wyrm | 1 | |
28 total
» upgrades
| Creature Attack | 2 | |
| Web | 1 | |
| Creature Carapace | 2 | |
| Destroyer Form | 1 | |
| Ghoul Frenzy | 2 | |
8 total
» buildings
| Graveyard | 1 | |
| Crypt | 2 | |
| Ziggurat | 7 | |
| Altar of Darkness | 1 | |
| Tomb of Relics | 3 | |
| Nerubian Tower | 1 | |
| Halls of the Dead | 3 | |
| Necropolis | 3 | |
| Slaughterhouse | 1 | |
| Black Citadel | 1 | |
23 total
» build order
00:10 Graveyard
00:13 Crypt
00:42 Ziggurat
01:00 Altar of Darkness
01:58 Tomb of Relics
02:04 Ziggurat
03:10 Nerubian Tower
03:51 Halls of the Dead
03:51 Halls of the Dead
03:51 Halls of the Dead
04:59 Necropolis
06:00 Ziggurat
07:11 Tomb of Relics
07:14 Ziggurat
07:36 Slaughterhouse
08:52 Black Citadel
09:28 Ziggurat
14:33 Crypt
14:50 Necropolis
15:08 Necropolis
15:47 Tomb of Relics
16:23 Ziggurat
17:57 Ziggurat
» items
| Rod of Necromancy | 6 | |
| Scroll of Town Portal | 2 | |
| Potion of Healing | 2 | |
10 total
team 2 (winner)
l3alzl)eep (
orange | 47 APM | 1066 actions | 22:48)
4 Archmage
1 Blizzard
2 Summon Water Elemental
1 Brilliance Aura
1 Priestess of the Moon
1 Searing Arrows
» actions
| Basic commands | 75 | |
| Build / train | 76 | |
| Enter build submenu | 24 | |
| Enter hero's abilities submenu | 5 | |
| Right click | 473 | |
| Select / deselect | 332 | |
| Use ability | 81 | |
1066 total
» units
| Peasant | 10 | |
| Footman | 7 | |
| Goblin Shredder | 1 | |
| Mortar Team | 1 | |
| Siege Engine | 12 | |
| Dryad | 8 | |
| Druid of the Claw | 9 | |
48 total
» upgrades
| Plating | 3 | |
| Gunpowder | 3 | |
| Barrage | 1 | |
| Druid of the Claw Training | 2 | |
| Reinforced Hides | 3 | |
| Mark of the Claw | 1 | |
| Strength of the Wild | 1 | |
| Animal War Training | 1 | |
15 total
» buildings
| Altar of Kings | 1 | |
| Farm | 13 | |
| Barracks | 1 | |
| Scout Tower | 1 | |
| Arcane Tower | 1 | |
| Lumber Mill | 1 | |
| Keep | 1 | |
| Blacksmith | 1 | |
| Castle | 1 | |
| Workshop | 3 | |
| Moon Well | 3 | |
| Tree of Eternity | 1 | |
28 total
» build order
00:09 Altar of Kings
00:13 Farm
00:49 Farm
01:15 Barracks
01:25 Scout Tower
01:57 Arcane Tower
02:02 Lumber Mill
02:08 Farm
02:44 Farm
03:53 Keep
04:32 Blacksmith
05:55 Farm
06:23 Castle
06:26 Workshop
06:54 Workshop
07:02 Workshop
07:18 Farm
08:06 Farm
08:53 Farm
10:05 Farm
10:49 Farm
12:38 Moon Well
12:43 Tree of Eternity
13:23 Farm
14:24 Moon Well
14:56 Farm
16:07 Moon Well
17:01 Farm
» items
rhizomE (
teal | 59 APM | 676 actions | 11:25)
3 Priestess of the Moon
2 Trueshot Aura
1 Scout
1 Keeper of the Grove
1 Entangling Roots
» actions
| Basic commands | 3 | |
| Build / train | 41 | |
| Enter build submenu | 14 | |
| Enter hero's abilities submenu | 4 | |
| Remove unit from queue | 1 | |
| Right click | 399 | |
| Select / deselect | 183 | |
| Use ability | 31 | |
676 total
» units
» upgrades
| Strength of the Wild | 2 | |
| Abolish Magic | 1 | |
3 total
» buildings
| Altar of Elders | 1 | |
| Moon Well | 5 | |
| Ancient of War | 1 | |
| Tree of Ages | 2 | |
| Hunter's Hall | 1 | |
| Tree of Life | 2 | |
| Ancient of Lore | 2 | |
| Ancient of Wind | 1 | |
15 total
» build order
00:07 Altar of Elders
00:35 Moon Well
00:47 Ancient of War
01:43 Moon Well
01:49 Moon Well
02:43 Moon Well
03:28 Tree of Ages
04:44 Hunter's Hall
06:30 Tree of Life
07:12 Ancient of Lore
07:19 Ancient of Wind
07:23 Moon Well
07:54 Ancient of Lore
09:58 Tree of Life
GenghisKhan (
blue | 52 APM | 1351 actions | 25:50)
8 Archmage
3 Summon Water Elemental
3 Brilliance Aura
1 Mass Teleport
1 Blizzard
» actions
| Assign group hotkey | 40 | |
| Basic commands | 17 | |
| Build / train | 105 | |
| Enter build submenu | 57 | |
| Enter hero's abilities submenu | 10 | |
| Give item / drop item | 4 | |
| Remove unit from queue | 3 | |
| Right click | 505 | |
| Select / deselect | 356 | |
| Select group hotkey | 126 | |
| Use ability | 128 | |
1351 total
» units
| Peasant | 17 | |
| Footman | 4 | |
| Goblin Shredder | 1 | |
| Gryphon Rider | 7 | |
| Wisp | 5 | |
| Goblin Sapper | 2 | |
36 total
» upgrades
| Lumber Harvesting | 1 | |
| Masonry | 3 | |
| Swords | 3 | |
| Armor | 3 | |
| Animal War Training | 1 | |
| Storm Hammers | 1 | |
| Cloud | 1 | |
| Priest Training | 1 | |
| Magic Sentry | 1 | |
15 total
» buildings
| Altar of Kings | 1 | |
| Barracks | 1 | |
| Farm | 5 | |
| Scout Tower | 36 | |
| Arcane Tower | 1 | |
| Arcane Vault | 2 | |
| Keep | 1 | |
| Lumber Mill | 1 | |
| Town Hall | 1 | |
| Guard Tower | 19 | |
| Gryphon Aviary | 4 | |
| Blacksmith | 2 | |
| Castle | 1 | |
| Arcane Sanctum | 1 | |
76 total
» build order
00:45 Altar of Kings
00:46 Barracks
00:59 Farm
01:00 Farm
01:14 Farm
01:43 Farm
02:14 Scout Tower
03:07 Arcane Tower
03:19 Arcane Vault
04:23 Keep
04:29 Lumber Mill
04:41 Town Hall
05:31 Farm
07:26 Scout Tower
07:28 Scout Tower
07:30 Scout Tower
07:31 Scout Tower
07:33 Scout Tower
07:39 Scout Tower
07:40 Scout Tower
07:41 Scout Tower
07:42 Scout Tower
07:43 Scout Tower
07:45 Scout Tower
07:49 Scout Tower
07:51 Scout Tower
08:14 Guard Tower
08:15 Guard Tower
08:55 Scout Tower
08:55 Scout Tower
08:56 Scout Tower
08:57 Scout Tower
08:57 Scout Tower
09:06 Guard Tower
09:07 Guard Tower
09:08 Guard Tower
09:25 Guard Tower
09:25 Guard Tower
09:25 Guard Tower
09:29 Guard Tower
09:36 Guard Tower
10:37 Gryphon Aviary
10:37 Gryphon Aviary
10:37 Gryphon Aviary
10:38 Gryphon Aviary
10:41 Blacksmith
10:42 Blacksmith
12:18 Castle
12:29 Arcane Vault
14:01 Scout Tower
14:01 Scout Tower
14:02 Scout Tower
14:02 Scout Tower
14:03 Scout Tower
14:05 Scout Tower
14:29 Guard Tower
14:29 Guard Tower
14:29 Guard Tower
14:34 Guard Tower
14:53 Guard Tower
17:09 Arcane Sanctum
18:02 Scout Tower
18:02 Scout Tower
18:02 Scout Tower
18:03 Scout Tower
18:06 Scout Tower
18:10 Scout Tower
18:10 Scout Tower
18:10 Scout Tower
18:11 Scout Tower
18:11 Scout Tower
18:37 Guard Tower
18:40 Guard Tower
18:42 Guard Tower
19:24 Guard Tower
» items
| Scroll of Regeneration | 6 | |
| Scroll of Town Portal | 6 | |
| Mechanical Critter | 4 | |
| Orb of Corruption | 1 | |
| Staff of Sanctuary | 1 | |
| Potion of Healing | 2 | |
20 total

»
033080 (
red | 61 APM | 923 actions | 15:10)
3 Dreadlord
1 Sleep
2 Carrion Swarm
1 Death Knight
1 Unholy Aura
» actions
| Assign group hotkey | 67 | |
| Basic commands | 54 | |
| Build / train | 74 | |
| ESC pressed | 2 | |
| Enter build submenu | 26 | |
| Enter hero's abilities submenu | 4 | |
| Give item / drop item | 1 | |
| Right click | 144 | |
| Select / deselect | 166 | |
| Select group hotkey | 299 | |
| Use ability | 86 | |
923 total
» units
| Acolyte | 7 | |
| Ghoul | 28 | |
| Obsidian Statue | 1 | |
| Necromancer | 6 | |
42 total
» upgrades
| Cannibalize | 1 | |
| Unholy Strength | 2 | |
| Unholy Armor | 1 | |
| Necromancer Training | 2 | |
| Skeletal Longevity | 1 | |
| Ghoul Frenzy | 1 | |
| Destroyer Form | 1 | |
| Skeletal Mastery | 1 | |
10 total
» buildings
| Crypt | 2 | |
| Altar of Darkness | 1 | |
| Graveyard | 2 | |
| Ziggurat | 9 | |
| Tomb of Relics | 1 | |
| Nerubian Tower | 1 | |
| Halls of the Dead | 3 | |
| Necropolis | 1 | |
| Spirit Tower | 1 | |
| Black Citadel | 1 | |
| Slaughterhouse | 1 | |
| Temple of the Damned | 2 | |
25 total
» build order
00:33 Crypt
00:45 Altar of Darkness
00:51 Graveyard
01:01 Ziggurat
01:31 Tomb of Relics
01:57 Ziggurat
02:23 Nerubian Tower
02:56 Graveyard
03:19 Ziggurat
05:13 Halls of the Dead
07:07 Halls of the Dead
07:07 Halls of the Dead
07:46 Ziggurat
07:50 Necropolis
07:58 Ziggurat
08:02 Ziggurat
08:20 Crypt
09:11 Spirit Tower
10:07 Black Citadel
10:20 Slaughterhouse
10:25 Temple of the Damned
10:29 Temple of the Damned
13:58 Ziggurat
14:00 Ziggurat
14:03 Ziggurat
» items
| Rod of Necromancy | 2 | |
| Sacrificial Skull | 1 | |
| Potion of Healing | 2 | |
| Scroll of Town Portal | 1 | |
| Scroll of Healing | 1 | |
7 total
Chat log
(01:21 / Allies) deuce: i got
(01:38 / Allies) hwyasifhe: what u getting for him?
(01:40 / Allies) hwyasifhe: rush or cc?
(01:43 / Allies) Rape.: cc
(01:44 / Allies) deuce: cc man
(02:13 / Allies) hwyasifhe: what units u getting him?
(02:30 / Allies) deuce: fiends
(02:32 / Allies) deuce: to wyrms
(02:33 / Allies) deuce: ok ?
(02:45 / Allies) Rape.: what you two going?
(07:05 / All) GenghisKhan: great
(07:08 / All) GenghisKhan: another faggot fiend bot
(07:12 / All) GenghisKhan: mass fiends hurp durp
(08:11 / All) GenghisKhan: pink mher too
(09:51 / All) GenghisKhan: mhign queer lol
(10:10 / All) GenghisKhan: he went right for my towers when I started puttign them up
(10:23 / All) GenghisKhan: fucking faggot
(10:26 / Allies) deuce: green
(10:27 / Allies) deuce: heklp
(10:45 / Allies) Rape.: coming one sec
(11:03 / Allies) Rape.: omw
(11:29 / All) Rape.: wtf
(12:22 / All) GenghisKhan: oh didn't upgrade to tier 3
(12:38 / All) GenghisKhan: pink admit you mh queer
(12:47 / All) hwyasifhe: lol
(12:57 / Allies) Rape.: do you have mh?
(12:59 / All) GenghisKhan: I'll have last laugh
(13:17 / Allies) Rape.: pink?
(13:19 / Allies) Rape.: just curious
(13:23 / Allies) hwyasifhe: no
(13:24 / Allies) hwyasifhe: I don't
(13:27 / Allies) hwyasifhe: I out microed him
(13:29 / Allies) hwyasifhe: and he's all mad
(13:35 / Allies) Rape.: sure thing
(13:45 / All) GenghisKhan: mass fiends is out micro
(13:59 / All) GenghisKhan: mass fiends and dk vs 3 footies is out microing now
(14:08 / Allies) deuce: green
(14:10 / All) hwyasifhe: u just got out microed
(14:10 / Allies) deuce: can we end the game?
(14:12 / All) Rape.: chat hack?
(14:16 / All) hwyasifhe: why u all mad
(15:09 / All) 033080: gg
(15:18 / All) hwyasifhe: don't get all mad cuz u lost
(15:25 / All) hwyasifhe: and i don't map hack
(15:25 / All) deuce: pink didint do shit
(15:28 / All) deuce: yet he talks the most
(15:39 / All) hwyasifhe: i didn't do anything?
(15:58 / Allies) deuce: im fighting
(16:00 / Allies) deuce: 4 armies
(16:29 / Allies) deuce: purple will have a higher score
(16:31 / Allies) deuce: then both of u
(16:43 / All) GenghisKhan: I love auto web
(19:40 / Allies) Rape.: I think you really do mh
(20:12 / All) Rape.: ?
(20:16 / All) Rape.: pink killing his own shit helping me lol
(20:34 / All) hwyasifhe: u think I care?
(20:37 / All) Rape.: yeah
(20:38 / All) Rape.: for sure
(20:57 / All) hwyasifhe: u didn't do shit all game
(21:00 / All) hwyasifhe: u suck the most man
(21:02 / All) hwyasifhe: lol
(21:09 / All) Rape.: lol
(21:21 / All) Rape.: tankbot spotted
(21:48 / Allies) deuce: yo
(21:50 / Allies) deuce: what r u doing >?
(22:10 / Allies) Rape.: hitting orange and red
(24:05 / All) deuce: blue
(24:08 / All) deuce: u dont have a father
(24:28 / All) Rape.: You lose
(24:29 / All) Rape.: yellow
(24:37 / Allies) deuce: what u doing ?
(24:41 / All) Rape.: killing you
(24:42 / All) Rape.: you lose
(24:47 / All) GenghisKhan: why yo usay such things
(24:52 / All) Rape.: you're the only legit player left
(24:55 / All) Rape.: lawl
(24:59 / All) Rape.: pink lose?
(25:15 / All) Rape.: pink lose?
(25:17 / All) Rape.: he left
(25:21 / All) Rape.: bob?
(25:36 / All) Rape.: did you alt tab again lol
(25:49 / All) GenghisKhan: yeh lol
(25:49 / All) Rape.: I assume pink loses